 Dungeon Crawl Stone Soup version 0.30.1-5-ged363bc7ee (webtiles) character file.

Game seed: 17989899490738475465

219 Thatboi the Slasher (level 6, -3/52 HPs)
             Began as a Human Chaos Knight on Sept 19, 2023.
             Was a Plaything of Xom.
             Slain by Sigmund
             ... wielding a +0 scythe
              (6 damage)
             ... on level 2 of the Dungeon.
             The game lasted 00:19:52 (1397 turns).

Thatboi the Slasher (Human Chaos Knight)            Turns: 1397, Time: 00:19:52

Health: -3/52      AC:  7    Str: 14    XL:     6   Next: 18%
Magic:  0/6        EV: 12    Int: 12    God:    Xom [...*..]
Gold:   78         SH:  0    Dex: 13    Spells: 5/5 levels left

rFire   . . .        a - +0 falchion (chaos)
rCold   . . .        (no shield)
rNeg    . . .        o - +1 ring mail
rPois   .            (no helmet)
rElec   .            (no cloak)
rCorr   .            (no gloves)
SInv    .            (no boots)
Will    .....        e - amulet of guardian spirit
Stlth   ++           (no ring)
HPRegen 0.28/turn    (no ring)
MPRegen 0.10/turn

%: guardian spirit
@: no status effects
A: no striking features
a: Renounce Religion


You were on level 2 of the Dungeon.
You worshipped Xom.
You were a favourite toy of Xom.
You visited 1 branch of the dungeon, and saw 2 of its levels.

You collected 78 gold pieces.

Inventory:

Hand Weapons
 a - a +0 falchion of chaos (weapon)
 g - a +0 dagger
 i - a +0 dagger
 l - a +0 flail
 p - a +0 giant spiked club
Missiles
 q - 5 javelins
Armour
 b - a +2 leather armour
 d - a +0 ring mail
 h - a +0 leather armour
 m - a +2 hat
 o - a +1 ring mail (worn)
Jewellery
 e - an amulet of guardian spirit (around neck)
 k - an amulet of the acrobat
Scrolls
 n - a scroll of fear (quivered) {DK, unknown}
Potions
 f - 2 potions of mutation {unknown}
Miscellaneous
 c - a piece from Xom's chessboard (13/15)


   Skills:
 + Level 6.2 Fighting
 + Level 6.6 Long Blades
 + Level 5.6 Armour
 + Level 5.2 Dodging
 + Level 5.5 Stealth


You had 5 spell levels left.
You didn't know any spells.
Your spell library was empty.

Dungeon Overview and Level Annotations

Branches:
Dungeon (2/15)

Altars:
Xom

Annotations:
D:2 Sigmund


Message History

Sigmund barely misses the rat.
The rat barely misses Sigmund.
Sigmund barely misses the rat.
The rat barely misses Sigmund.
Sigmund hits the rat with a +0 scythe.
The rat dies!
As you read the scroll labelled CAOMOR JAYGG, it crumbles to dust.
It is a scroll of enchant armour.
Your +0 ring mail glows green for a moment.
Sigmund closely misses you.
Sigmund hits you from afar with a +0 scythe.
* * * LOW HITPOINT WARNING * * *
Sigmund closely misses you.
Sigmund is no longer moving quickly.
Sigmund no longer looks unusually strong.
Sigmund is no longer in an insane frenzy.
Sigmund points at you and mumbles some strange words.
The magic dart hits you.
* * * LOW HITPOINT WARNING * * *
As you read the scroll labelled RAUNOI VUUTS, it crumbles to dust.
You hear a loud clanging noise!
It was a scroll of noise.
Sigmund zaps a wand.
The puff of flame hits you.
* * * LOW HITPOINT WARNING * * *
There is an open door here.
Sigmund looks more energetic.
Sigmund casts a spell.
Sigmund flickers and vanishes!
Deactivating autopickup; reactivate with Ctrl-A.
You hear a zap.
A puff of flame appears from out of thin air!
The puff of flame hits you.
* * * LOW HITPOINT WARNING * * *
The now-empty wand crumbles to dust.
You are confused.
Unknown command.
You feel less confused. Something hits you!
* * * LOW HITPOINT WARNING * * *
Something hits you.
You die...

#... #### ########
######## #......#
#......# #......#
#......# #......# #
#......# #......#######
#.....@###............#
#......'........#####.#
#...{..##.##.#......#.#
#####'###....#.#..#.#.#
#.# ######.#..#.#.# #.#
#.#..#.#.# #.#
#.#..#.#.# #.#
#.#....<.. #.#
#.#.##.#.#


There were no monsters in sight!

Vanquished Creatures
  An ogre (D:2)
  An iguana (D:2)
  3 dart slugs
  3 ball pythons
  4 bats
  3 endoplasms
  2 giant cockroaches (D:1)
  5 goblins
  4 hobgoblins
  3 jackals (D:2)
  A quokka (D:1)
  A frilled lizard (D:2)
  3 kobolds
  3 rats
37 creatures vanquished.

Vanquished Creatures (collateral kills)
  A rat (D:2)
1 creature vanquished.

Vanquished Creatures (others)
  A dart slug (D:2)
1 creature vanquished.

Grand Total: 39 creatures vanquished

Notes
Turn   | Place    | Note
-------+----------+-------------------------------------------
     0 | D:1      | Thatboi the Human Chaos Knight began the quest for the Orb.
     0 | D:1      | Reached XP level 1. HP: 18/18 MP: 1/1
    46 | D:1      | Reached XP level 2. HP: 10/24 MP: 2/2
   195 | D:1      | XOM: silly message
   197 | D:1      | XOM: silly message
   331 | D:1      | Reached XP level 3. HP: 29/29 MP: 3/3
   500 | D:2      | Reached XP level 4. HP: 35/35 MP: 4/4
   599 | D:2      | XOM: divination: detect items
   682 | D:2      | XOM: silly message
   705 | D:2      | Noticed an ogre
   715 | D:2      | XOM: potion effect (experience)
   715 | D:2      | Reached skill level 5 in Armour
   715 | D:2      | Reached skill level 5 in Dodging
   715 | D:2      | Reached skill level 5 in Stealth
   715 | D:2      | Reached XP level 5. HP: 46/46 MP: 5/5
   722 | D:2      | XOM: divination: detect items
   723 | D:2      | XOM: enchant monster (bad)
   723 | D:2      | HP: 1/46 [ogre/+0 giant spiked club (12)]
   726 | D:2      | Killed an ogre
   727 | D:2      | Reached XP level 6. HP: 2/52 MP: 0/6
   758 | D:2      | XOM: 2-stop teleportation journey
  1155 | D:2      | XOM: god gift: 19 gold pieces
  1210 | D:2      | Noticed Sigmund
  1211 | D:2      | XOM: smoke on damage
  1224 | D:2      | XOM: scenery: create altars
  1229 | D:2      | XOM: enchant monster (good)
  1268 | D:2      | XOM: scenery: 1 doors open
  1272 | D:2      | XOM: enchant monster (good)
  1348 | D:2      | XOM: destruction
  1358 | D:2      | XOM: cast spell 'Discord'
  1396 | D:2      | HP: 2/52 [something (5)]
  1397 | D:2      | Slain by Sigmund

Illustrated notes

Levels and vault maps discovered:
D:1:      lemuel_arrival_hallway, layout_rooms, minmay_misc_feat_x
D:2:      layout_basic, uniq_sigmund

Skill      XL: |  1  2  3  4 |
---------------+-------------+-----
Fighting       | 6 |  6.2
Long Blades    | 6 |  6.6
Armour         | 5 |  5.6
Dodging        | 5 |  5.2
Stealth        | 5 |  5.5

Action                     |  1- 3 |  4- 6 || total
---------------------------+-------+-------++-------
  Melee: Falchion          |    60 |    59 ||   119
  Evoke: Piece from Xom's  |       |     2 ||     2
    Use: Scroll            |     2 |     3 ||     5
   Stab: Paralysed         |     4 |       ||     4
         Sleeping          |       |     1 ||     1
 Armour: Leather armour    |    31 |     4 ||    35
         Ring mail         |       |    21 ||    21
  Dodge: Dodged            |    48 |    64 ||   112
